Eagles vs Moose
Created - March 22, 2024 at 20:25
Goals
|
| Eagles |
0 |
1 |
2 |
3 |
| Moose |
1 |
1 |
0 |
2 |
|
Shots
|
| Eagles |
10 |
10 |
14 |
34 |
| Moose |
6 |
8 |
11 |
25 |
|
1st period
1. Moose , Dylan Strome 52 (Kyle Connor 25, Chase De Leo 21) at 10:29
Penalties :
Jake Leschyshyn (Man) for Holding (Minor) at 3:01, Ludwig Bystrom (Man) for Holding (Minor) at 10:51
2nd period
2. Moose , Chase De Leo 19 (Anders Bjork 15, Tomas Jurco 23) at 10:11
3. Eagles , Sam Steel 15 (Matteson Iacopelli 19, Jack Dougherty 23) at 10:50
Penalties :
Chase De Leo (Man) for Roughing (Minor) at 2:44, Matthew Benning (Man) for Holding (Minor) at 15:44
3rd period
4. Eagles , Joseph Blandisi 30 (Keaton Middleton 20, Jared McCann 21) at 0:37
5. Eagles , Gabriel Vilardi 17 (Jared McCann 22, Keaton Middleton 21) at 7:36
Penalties :
Michael Carcone (Col) for Tripping (Minor) at 1:29, Juuso Valimaki (Man) for Slashing (Minor) at 10:00, Mathieu Joseph (Man) for Holding (Minor) at 15:42, Jonathan Racine (Col) for Hooking (Minor) at 17:58
Goalie Stats
Daniel Altshuller (Col), 23 saves from 25 shots - (0.920), W, 7-2-1, 60:00 minutes
Filip Gustavsson (Man), 31 saves from 34 shots - (0.912), L, 32-19-2, 60:00 minutes
Players Stats for Eagles
Player Name G A P +/- PIM S H SB GA TA FO MP PP MP PK MP
------------------------------------------------------------------------------------
Anthony Duclair 0 0 0 -1 0 3 1 0 0 0 0/0 21:26 5:48 1:34
Chris Calhan 0 0 0 -1 0 0 0 0 0 0 0/1 8:13 0:16 0:00
Connor Carrick 0 0 0 2 0 1 1 0 1 0 0/0 25:02 6:41 2:15
Drake Caggiula 0 0 0 -1 0 1 1 1 1 0 15/23 20:38 5:35 0:48
Gabriel Vilardi 1 0 1 2 0 1 1 0 2 0 1/1 17:58 5:50 1:03
Jack Dougherty 0 1 1 -1 0 3 0 1 1 0 0/0 25:33 6:40 1:25
Jared McCann 0 2 2 2 0 2 2 1 1 0 6/11 13:02 0:00 2:08
Jonathan Racine 0 0 0 0 2 1 0 3 0 1 0/0 10:59 0:01 0:00
Joseph Blandisi 1 0 1 2 0 5 2 0 0 0 0/1 17:17 5:54 0:16
Keaton Middleton 0 2 2 2 0 0 4 0 0 0 0/0 21:48 5:13 1:15
Matteson Iacopelli 0 1 1 1 0 3 1 2 1 0 0/1 12:22 1:18 0:00
Mattias Samuelsson 0 0 0 0 0 0 1 0 0 0 0/0 11:09 0:00 0:22
Michael Carcone 0 0 0 1 2 3 0 1 0 0 2/2 11:01 0:00 0:00
Nick Cousins 0 0 0 -1 0 3 4 0 0 0 0/1 19:52 5:48 0:00
Ryan Murphy 0 0 0 -1 0 1 1 2 0 1 0/0 25:30 5:13 2:39
Sam Steel 1 0 1 1 0 2 2 1 0 1 4/8 11:02 0:00 0:00
Tyler Motte 0 0 0 -1 0 3 0 0 0 0 0/0 10:02 0:00 2:07
Zach Aston-Reese 0 0 0 -1 0 2 0 1 1 0 3/9 13:06 5:13 0:00
Players Stats for Moose
Player Name G A P +/- PIM S H SB GA TA FO MP PP MP PK MP
------------------------------------------------------------------------------------
Anders Bjork 0 1 1 1 0 1 3 0 0 1 0/0 13:49 0:10 1:46
Boris Katchouk 0 0 0 0 0 1 1 0 0 0 0/0 6:41 0:00 0:00
Caleb Jones 0 0 0 2 0 0 2 0 0 0 0/0 13:23 0:00 2:44
Chase De Leo 1 1 2 1 2 4 3 0 0 0 4/8 11:31 0:00 0:00
Dylan Strome 1 0 1 0 0 3 2 1 0 0 14/34 22:56 1:56 6:39
Jake Leschyshyn 0 0 0 0 2 1 0 0 1 0 2/4 8:35 0:10 1:31
Josh Mahura 0 0 0 2 0 0 0 0 0 0 0/0 11:06 0:00 0:00
Julien Gauthier 0 0 0 0 0 1 0 0 0 0 0/0 6:41 0:00 0:00
Juuso Valimaki 0 0 0 -2 2 1 2 1 0 1 0/0 22:17 2:37 5:22
Kyle Connor 0 1 1 0 0 1 0 0 0 0 0/0 22:20 1:56 6:24
Ludwig Bystrom 0 0 0 -1 2 3 1 2 1 1 0/0 25:16 1:21 4:46
Mathieu Joseph 0 0 0 0 2 2 1 0 1 0 0/0 16:05 2:03 0:00
Matthew Benning 0 0 0 -1 2 0 1 1 0 1 0/0 25:12 1:21 4:29
Michael McLeod 0 0 0 -2 0 6 0 0 0 0 6/11 17:10 1:52 3:44
Nelson Nogier 0 0 0 -2 0 0 1 0 0 3 0/0 23:17 2:37 6:27
Nikolay Goldobin 0 0 0 -2 0 1 3 0 0 0 1/1 17:10 1:52 3:44
Tomas Jurco 0 1 1 -2 0 0 3 0 0 1 0/0 13:01 1:52 0:00
Vinni Lettieri 0 0 0 1 0 0 0 0 0 0 0/0 11:30 0:03 0:00
3 Stars
1 - Keaton Middleton (Col)
2 - Jared McCann (Col)
3 - Joseph Blandisi (Col)
Power Play
Eagles - 0 on 6 Attempt(s) - 0.00%
Moose - 0 on 2 Attempt(s) - 0.00%
Penalty Kill
Eagles - 2 on 2 Attempt(s) - 100.00%
- Score 0 goal in Penalty Kill
Moose - 6 on 6 Attempt(s) - 100.00%
- Score 0 goal in Penalty Kill
Team Stat
Eagles - Hits : 21 - Faceoff Wins : 31 - Blocked Shots : 13 - Penalty Minutes : 4
Moose - Hits : 23 - Faceoff Wins : 27 - Blocked Shots : 5 - Penalty Minutes : 12
Official
Referees : Chris Schlenker and Justin St. Pierre
Linesman : Jesse Marquis and Kiel Murchison
Game Notes
No Game Note
Finance
Level 1 -- Attendance: 2000 (100.00%) -- Ticket Income $140,000
Level 2 -- Attendance: 922 (92.20%) -- Ticket Income $36,880
Total Attendance: 2922 (97.40%)
Total Ticket Income: $176,880
Other Income: $8,844
Total Income: $185,724
Eagles
5 vs 5 Forward
Center Left Wing Right Wing Time % Phy DF OF
1 Drake Caggiula Anthony Duclair Nick Cousins 36 1 1 3
2 Jared McCann Joseph Blandisi Gabriel Vilardi 33 1 1 3
3 Sam Steel Michael Carcone Matteson Iacopelli 21 1 2 2
4 Zach Aston-Reese Tyler Motte Chris Calhan 10 1 2 2
5 vs 5 Defense
Defense Defense Time % Phy DF OF
1 Ryan Murphy Jack Dougherty 41 1 2 2
2 Connor Carrick Keaton Middleton 39 1 2 2
3 Jonathan Racine Mattias Samuelsson 20 1 2 2
4 Connor Carrick Ryan Murphy 0 1 2 2
PowerPlay Forward
Center Left Wing Right Wing Time % Phy DF OF
1 Zach Aston-Reese Anthony Duclair Nick Cousins 50 1 1 3
2 Drake Caggiula Joseph Blandisi Gabriel Vilardi 50 1 1 3
PowerPlay Defense
Defense Defense Time % Phy DF OF
1 Connor Carrick Jack Dougherty 55 1 1 3
2 Keaton Middleton Ryan Murphy 45 1 1 3
Penalty Kill 4 Players Forward
Center Wing Time % Phy DF OF
1 Jared McCann Tyler Motte 60 1 3 1
2 Drake Caggiula Anthony Duclair 40 1 3 1
Penalty Kill 4 Players Defense
Defense Defense Time % Phy DF OF
1 Ryan Murphy Connor Carrick 55 1 3 1
2 Jack Dougherty Keaton Middleton 45 1 3 1
Penalty Kill - 3 Players Forward
Forward Time % Phy DF OF
1 Jared McCann 60 1 4 0
2 Drake Caggiula 40 1 4 0
Penalty Kill - 3 Players Defense
Defense Defense Time % Phy DF OF
1 Ryan Murphy Jack Dougherty 60 1 4 0
2 Connor Carrick Keaton Middleton 40 1 4 0
4 vs 4 Forward
Center Wing Time % Phy DF OF
1 Zach Aston-Reese Anthony Duclair 55 1 2 2
2 Sam Steel Nick Cousins 45 1 2 2
4 vs 4 Defense
Defense Defense Time % Phy DF OF
1 Ryan Murphy Jack Dougherty 50 1 2 2
2 Connor Carrick Keaton Middleton 50 1 2 2
Last Minutes Offensive
Center Left Wing Right Wing Defense Defense
Zach Aston-Reese Anthony Duclair Nick Cousins Ryan Murphy Connor Carrick
Last Minutes Defensive
Center Left Wing Right Wing Defense Defense
Jared McCann Tyler Motte Nick Cousins Ryan Murphy Connor Carrick
Goaltenders
Starting : Daniel Altshuller
Backup : Zachary Emond
Extra Forwards
Normal : Sam Steel, Michael Carcone, Gabriel Vilardi - PP : Gabriel Vilardi, Matteson Iacopelli - PK : Gabriel Vilardi
Extra Defensemen
Normal : Keaton Middleton, Connor Carrick, Ryan Murphy - PP : Keaton Middleton - PK : Keaton Middleton, Connor Carrick
Penalty Shots
Gabriel Vilardi, Jared McCann, Zach Aston-Reese, Nick Cousins, Sam Steel
Custom OT Lines Forwards
Nick Cousins, Joseph Blandisi, Jared McCann, Drake Caggiula, Zach Aston-Reese, Tyler Motte, Michael Carcone, Sam Steel, Matteson Iacopelli, Gabriel Vilardi
Custom OT Lines Defensemen
Ryan Murphy, Jack Dougherty, Connor Carrick, Keaton Middleton, Jonathan Racine
Scratches
Dominik Kubalik (Healthy), Kevin Bahl (Healthy), Mark Friedman (Healthy), Tyler Tucker (Healthy), Michael Dal Colle (Healthy)
Xavier Ouellet (Healthy), Alexander Nylander (Healthy), Pius Suter (Healthy), Max Lajoie (Healthy), Pascal Laberge (Healthy)
Marian Studenic (Healthy), Walker Duehr (Healthy), Adin Hill (Left Hand Injury)
Moose
5 vs 5 Forward
Center Left Wing Right Wing Time % Phy DF OF
1 Dylan Strome Kyle Connor Mathieu Joseph 40 1 2 2
2 Michael McLeod Nikolay Goldobin Tomas Jurco 30 1 2 2
3 Chase De Leo Anders Bjork Vinni Lettieri 20 1 2 2
4 Jake Leschyshyn Boris Katchouk Julien Gauthier 10 1 2 2
5 vs 5 Defense
Defense Defense Time % Phy DF OF
1 Ludwig Bystrom Matthew Benning 40 1 2 2
2 Juuso Valimaki Nelson Nogier 30 1 2 2
3 Caleb Jones Josh Mahura 20 1 2 2
4 Ludwig Bystrom Matthew Benning 10 1 2 2
PowerPlay Forward
Center Left Wing Right Wing Time % Phy DF OF
1 Dylan Strome Kyle Connor Mathieu Joseph 60 1 2 2
2 Michael McLeod Nikolay Goldobin Tomas Jurco 40 1 2 2
PowerPlay Defense
Defense Defense Time % Phy DF OF
1 Ludwig Bystrom Matthew Benning 60 1 2 2
2 Juuso Valimaki Nelson Nogier 40 1 2 2
Penalty Kill 4 Players Forward
Center Wing Time % Phy DF OF
1 Dylan Strome Kyle Connor 60 1 2 2
2 Michael McLeod Nikolay Goldobin 40 1 2 2
Penalty Kill 4 Players Defense
Defense Defense Time % Phy DF OF
1 Ludwig Bystrom Matthew Benning 60 1 2 2
2 Juuso Valimaki Nelson Nogier 40 1 2 2
Penalty Kill - 3 Players Forward
Forward Time % Phy DF OF
1 Dylan Strome 60 1 2 2
2 Michael McLeod 40 1 2 2
Penalty Kill - 3 Players Defense
Defense Defense Time % Phy DF OF
1 Ludwig Bystrom Matthew Benning 60 1 2 2
2 Juuso Valimaki Nelson Nogier 40 1 2 2
4 vs 4 Forward
Center Wing Time % Phy DF OF
1 Dylan Strome Kyle Connor 60 1 2 2
2 Michael McLeod Nikolay Goldobin 40 1 2 2
4 vs 4 Defense
Defense Defense Time % Phy DF OF
1 Ludwig Bystrom Matthew Benning 60 1 2 2
2 Juuso Valimaki Nelson Nogier 40 1 2 2
Last Minutes Offensive
Center Left Wing Right Wing Defense Defense
Dylan Strome Kyle Connor Mathieu Joseph Ludwig Bystrom Matthew Benning
Last Minutes Defensive
Center Left Wing Right Wing Defense Defense
Dylan Strome Kyle Connor Mathieu Joseph Ludwig Bystrom Matthew Benning
Goaltenders
Starting : Filip Gustavsson
Backup : Karel Vejmelka
Extra Forwards
Normal : Dylan Strome, Michael McLeod, Chase De Leo - PP : Dylan Strome, Michael McLeod - PK : Dylan Strome
Extra Defensemen
Normal : Nelson Nogier, Caleb Jones, Josh Mahura - PP : Nelson Nogier - PK : Nelson Nogier, Caleb Jones
Penalty Shots
Kyle Connor, Mathieu Joseph, Tomas Jurco, Nikolay Goldobin, Dylan Strome
Custom OT Lines Forwards
Kyle Connor, Mathieu Joseph, Tomas Jurco, Nikolay Goldobin, Dylan Strome, Michael McLeod, Chase De Leo, Vinni Lettieri, Anders Bjork, Julien Gauthier
Custom OT Lines Defensemen
Ludwig Bystrom, Matthew Benning, Juuso Valimaki, Nelson Nogier, Caleb Jones
Scratches
Riley Damiani (Healthy), Alexander Khovanov (Healthy), Mitchell Stephens (Healthy), Nick Merkley (Healthy), Jonathan Kovacevic (Healthy)
Joey Keane (Healthy), Adam Ginning (Healthy), Jonny Tychonick (Healthy), Max Jones (Healthy), Nathan Bastian (Healthy)
William Bitten (Healthy), Kieffer Bellows (Healthy), Jonatan Berggren (Healthy), Joey Daccord (Healthy), Daniel Vladar (Healthy)
% Time on Ice - Eagles
Lines # - Real PCT - Wanted PCT - Time Play
Normal Forward
1 - 32% - 36% - 14:06
2 - 25% - 33% - 11:05
3 - 25% - 21% - 11:02
4 - 18% - 10% - 7:55
Normal Defense
1 - 41% - 41% - 17:55
2 - 35% - 39% - 15:39
3 - 24% - 20% - 10:34
4 - 0% - 0% - 0:00
PP Forward
1 - 50% - 50% - 6:00
2 - 50% - 50% - 5:54
PP Defense
1 - 56% - 55% - 6:41
2 - 44% - 45% - 5:13
PK Forward
1 - 84% - 60% - 3:19
2 - 16% - 40% - 0:39
PK Defense
1 - 68% - 55% - 2:43
2 - 32% - 45% - 1:15
PK3 Forward
1 - 0% - 60%
2 - 0% - 40%
PK3 Defense
1 - 0% - 60%
2 - 0% - 40%
44 Forward
1 - 0% - 55%
2 - 0% - 45%
44 Defense
1 - 0% - 50%
2 - 0% - 50%
Last Minute Offensive - 0:00
Last Minute Defensive - 0:00
Total
Forward - 60:00
Defense - 60:00
|
% Time on Ice - Moose
Lines # - Real PCT - Wanted PCT - Time Play
Normal Forward
1 - 33% - 40% - 14:26
2 - 26% - 30% - 11:34
3 - 26% - 20% - 11:27
4 - 15% - 10% - 6:41
Normal Defense
1 - 42% - 40% - 18:28
2 - 31% - 30% - 13:29
3 - 23% - 20% - 10:15
4 - 4% - 10% - 1:56
PP Forward
1 - 53% - 60% - 2:06
2 - 47% - 40% - 1:52
PP Defense
1 - 34% - 60% - 1:21
2 - 66% - 40% - 2:37
PK Forward
1 - 69% - 60% - 8:10
2 - 31% - 40% - 3:44
PK Defense
1 - 66% - 60% - 7:49
2 - 34% - 40% - 4:05
PK3 Forward
1 - 0% - 60%
2 - 0% - 40%
PK3 Defense
1 - 0% - 60%
2 - 0% - 40%
44 Forward
1 - 0% - 60%
2 - 0% - 40%
44 Defense
1 - 0% - 60%
2 - 0% - 40%
Last Minute Offensive - 0:00
Last Minute Defensive - 0:00
Total
Forward - 60:00
Defense - 60:00
|
Play-by-Play
1st period
0:01 of 1st period - Dylan Strome wins face-off versus Drake Caggiula in neutral zone.
0:16 of 1st period - Snap shot by Anthony Duclair.
0:16 of 1st period - Stopped by Filip Gustavsson without a rebound.
0:17 of 1st period - Jared McCann wins face-off versus Michael McLeod in Moose zone.
0:20 of 1st period - Wrist shot by Joseph Blandisi.
0:20 of 1st period - Stopped by Filip Gustavsson without a rebound.
0:21 of 1st period - Jared McCann wins face-off versus Michael McLeod in Moose zone.
1:06 of 1st period - Nelson Nogier is hit by Mattias Samuelsson.
1:24 of 1st period - Icing by Tyler Motte.
1:25 of 1st period - Jake Leschyshyn wins face-off versus Zach Aston-Reese in Eagles zone.
2:00 of 1st period - Wrist shot by Zach Aston-Reese.
2:00 of 1st period - Shot Misses the Net.
2:02 of 1st period - Wrist shot by Tyler Motte.
2:02 of 1st period - Stopped by Filip Gustavsson with a rebound.
2:04 of 1st period - Snap shot by Zach Aston-Reese.
2:04 of 1st period - Shot Blocked by Matthew Benning.
2:06 of 1st period - Wrist shot by Tyler Motte.
2:06 of 1st period - Shot Misses the Net.
2:14 of 1st period - Wrist shot by Zach Aston-Reese.
2:14 of 1st period - Shot Misses the Net.
2:24 of 1st period - Snap shot by Zach Aston-Reese.
2:24 of 1st period - Stopped by Filip Gustavsson with a rebound.
3:01 of 1st period - Minor Penalty to Jake Leschyshyn for Holding.
3:02 of 1st period - Gabriel Vilardi wins face-off versus Dylan Strome in Moose zone.
3:29 of 1st period - Jack Dougherty is hit by Dylan Strome and loses puck.
3:51 of 1st period - Keaton Middleton is hit by Juuso Valimaki and loses puck.
3:57 of 1st period - Icing by Anthony Duclair.
3:58 of 1st period - Dylan Strome wins face-off versus Matteson Iacopelli in Eagles zone.
5:01 of 1st period - Penalty to Jake Leschyshyn is over, Jake Leschyshyn is back on ice.
5:02 of 1st period - Connor Carrick is hit by Nikolay Goldobin and loses puck.
5:14 of 1st period - Icing by Matthew Benning.
5:15 of 1st period - Michael Carcone wins face-off versus Chase De Leo in Moose zone.
5:28 of 1st period - Ryan Murphy is hit by Matthew Benning and loses puck.
6:05 of 1st period - Keaton Middleton is hit by Dylan Strome and loses puck.
6:32 of 1st period - Jake Leschyshyn is hit by Keaton Middleton and loses puck.
6:49 of 1st period - Snap shot by Chase De Leo.
6:49 of 1st period - Stopped by Daniel Altshuller with a rebound.
7:31 of 1st period - Slapshot by Sam Steel.
7:31 of 1st period - Shot Misses the Net.
7:33 of 1st period - Slapshot by Sam Steel.
7:33 of 1st period - Shot Misses the Net.
7:35 of 1st period - Wrist shot by Michael Carcone.
7:35 of 1st period - Shot Misses the Net.
8:10 of 1st period - Icing by Ludwig Bystrom.
8:11 of 1st period - Chase De Leo wins face-off versus Jared McCann in Moose zone.
8:18 of 1st period - Wrist shot by Chase De Leo.
8:18 of 1st period - Stopped by Daniel Altshuller without a rebound.
8:19 of 1st period - Drake Caggiula wins face-off versus Michael McLeod in Eagles zone.
8:32 of 1st period - Slapshot by Nick Cousins.
8:32 of 1st period - Deflect By Ludwig Bystrom.
8:32 of 1st period - Stopped by Filip Gustavsson with a rebound.
9:08 of 1st period - Slapshot by Anders Bjork.
9:08 of 1st period - Shot Misses the Net.
9:10 of 1st period - Wrist shot by Juuso Valimaki.
9:10 of 1st period - Stopped by Daniel Altshuller with a rebound.
9:14 of 1st period - Snap shot by Anders Bjork.
9:14 of 1st period - Stopped by Daniel Altshuller without a rebound.
9:15 of 1st period - Drake Caggiula wins face-off versus Dylan Strome in Eagles zone.
10:29 of 1st period - Slapshot by Dylan Strome.
10:29 of 1st period - Goal by Dylan Strome - Eagles : 0 - Moose : 1.
10:30 of 1st period - Drake Caggiula wins face-off versus Dylan Strome in neutral zone.
10:51 of 1st period - Minor Penalty to Ludwig Bystrom for Holding.
10:52 of 1st period - Zach Aston-Reese wins face-off versus Dylan Strome in Moose zone.
11:08 of 1st period - Slapshot by Anthony Duclair.
11:08 of 1st period - Deflect By Kyle Connor.
11:08 of 1st period - Stopped by Filip Gustavsson with a rebound.
12:51 of 1st period - Penalty to Ludwig Bystrom is over, Ludwig Bystrom is back on ice.
13:03 of 1st period - Snap shot by Ludwig Bystrom.
13:03 of 1st period - Stopped by Daniel Altshuller with a rebound.
13:14 of 1st period - Icing by Juuso Valimaki.
13:15 of 1st period - Jake Leschyshyn wins face-off versus Zach Aston-Reese in Moose zone.
13:47 of 1st period - Wrist shot by Nikolay Goldobin.
13:47 of 1st period - Shot Misses the Net.
13:59 of 1st period - Anders Bjork is hit by Drake Caggiula and loses puck.
14:23 of 1st period - Slapshot by Jack Dougherty.
14:23 of 1st period - Stopped by Filip Gustavsson with a rebound.
14:25 of 1st period - Slapshot by Ryan Murphy.
14:25 of 1st period - Shot Misses the Net.
14:43 of 1st period - Slapshot by Jared McCann.
14:43 of 1st period - Stopped by Filip Gustavsson with a rebound.
15:10 of 1st period - Slapshot by Tyler Motte.
15:10 of 1st period - Shot Blocked by Ludwig Bystrom.
16:56 of 1st period - Off-side.
16:57 of 1st period - Drake Caggiula wins face-off versus Michael McLeod in neutral zone.
17:22 of 1st period - Dylan Strome is hit by Jared McCann.
17:46 of 1st period - Slapshot by Sam Steel.
17:46 of 1st period - Shot Blocked by Juuso Valimaki.
17:48 of 1st period - Snap shot by Michael Carcone.
17:48 of 1st period - Shot Misses the Net.
18:17 of 1st period - Off-side.
18:18 of 1st period - Michael McLeod wins face-off versus Chris Calhan in neutral zone.
18:45 of 1st period - Matthew Benning is hit by Connor Carrick and loses puck.
18:56 of 1st period - Dylan Strome is hit by Keaton Middleton and loses puck.
19:31 of 1st period - Wrist shot by Matteson Iacopelli.
19:31 of 1st period - Stopped by Filip Gustavsson without a rebound.
19:32 of 1st period - Sam Steel wins face-off versus Chase De Leo in Moose zone.
19:35 of 1st period - Snap shot by Michael Carcone.
19:35 of 1st period - Stopped by Filip Gustavsson without a rebound.
19:36 of 1st period - Chase De Leo wins face-off versus Jared McCann in Moose zone.
19:47 of 1st period - Joseph Blandisi is hit by Chase De Leo and loses puck.
Goals for this period are 0 for Eagles vs 1 for Moose.
Shots for this period are 10 for Eagles vs 6 for Moose.
2nd period
0:01 of 2nd period - Dylan Strome wins face-off versus Drake Caggiula in neutral zone.
0:31 of 2nd period - Wrist shot by Nikolay Goldobin.
0:31 of 2nd period - Shot Misses the Net.
0:43 of 2nd period - Jared McCann is hit by Tomas Jurco and loses puck.
1:04 of 2nd period - Slapshot by Michael Carcone.
1:04 of 2nd period - Stopped by Filip Gustavsson with a rebound.
1:13 of 2nd period - Icing by Connor Carrick.
1:14 of 2nd period - Sam Steel wins face-off versus Jake Leschyshyn in Eagles zone.
1:19 of 2nd period - Snap shot by Jake Leschyshyn.
1:19 of 2nd period - Shot Misses the Net.
1:53 of 2nd period - Jared McCann is hit by Caleb Jones and loses puck.
2:06 of 2nd period - Snap shot by Michael McLeod.
2:06 of 2nd period - Stopped by Daniel Altshuller with a rebound.
2:08 of 2nd period - Snap shot by Michael McLeod.
2:08 of 2nd period - Stopped by Daniel Altshuller with a rebound.
2:44 of 2nd period - Minor Penalty to Chase De Leo for Roughing.
2:45 of 2nd period - Dylan Strome wins face-off versus Zach Aston-Reese in Moose zone.
4:07 of 2nd period - Anders Bjork is hit by Ryan Murphy and loses puck.
4:44 of 2nd period - Penalty to Chase De Leo is over, Chase De Leo is back on ice.
5:15 of 2nd period - Sam Steel is hit by Nikolay Goldobin and loses puck.
6:22 of 2nd period - Gabriel Vilardi is hit by Anders Bjork and loses puck.
7:01 of 2nd period - Boris Katchouk is hit by Anthony Duclair and loses puck.
7:19 of 2nd period - Josh Mahura is hit by Sam Steel and loses puck.
7:26 of 2nd period - Sam Steel is hit by Caleb Jones and loses puck.
7:49 of 2nd period - Tyler Motte is hit by Anders Bjork.
8:11 of 2nd period - Sam Steel is hit by Boris Katchouk and loses puck.
8:29 of 2nd period - Drake Caggiula is hit by Nikolay Goldobin and loses puck.
8:36 of 2nd period - Wrist shot by Nikolay Goldobin.
8:36 of 2nd period - Stopped by Daniel Altshuller without a rebound.
8:37 of 2nd period - Dylan Strome wins face-off versus Zach Aston-Reese in Eagles zone.
8:54 of 2nd period - Matthew Benning is hit by Keaton Middleton and loses puck.
9:07 of 2nd period - Keaton Middleton is hit by Anders Bjork and loses puck.
9:35 of 2nd period - Wrist shot by Zach Aston-Reese.
9:35 of 2nd period - Stopped by Filip Gustavsson with a rebound.
9:37 of 2nd period - Slapshot by Jack Dougherty.
9:37 of 2nd period - Deflect By Tyler Motte.
9:37 of 2nd period - Stopped by Filip Gustavsson without a rebound.
9:38 of 2nd period - Dylan Strome wins face-off versus Drake Caggiula in Moose zone.
10:07 of 2nd period - Slapshot by Anders Bjork.
10:07 of 2nd period - Shot Misses the Net.
10:09 of 2nd period - Slapshot by Chase De Leo.
10:09 of 2nd period - Shot Blocked by Jack Dougherty.
10:11 of 2nd period - Snap shot by Chase De Leo.
10:11 of 2nd period - Goal by Chase De Leo - Eagles : 0 - Moose : 2.
10:12 of 2nd period - Jared McCann wins face-off versus Dylan Strome in neutral zone.
10:46 of 2nd period - Snap shot by Matteson Iacopelli.
10:46 of 2nd period - Shot Misses the Net.
10:50 of 2nd period - Wrist shot by Matteson Iacopelli.
10:50 of 2nd period - Deflect By Sam Steel.
10:50 of 2nd period - Goal by Sam Steel - Eagles : 1 - Moose : 2.
10:51 of 2nd period - Michael McLeod wins face-off versus Drake Caggiula in neutral zone.
11:00 of 2nd period - Wrist shot by Michael McLeod.
11:00 of 2nd period - Shot Misses the Net.
11:18 of 2nd period - Matthew Benning is hit by Jared McCann and loses puck.
12:12 of 2nd period - Wrist shot by Anders Bjork.
12:12 of 2nd period - Shot Misses the Net.
12:26 of 2nd period - Wrist shot by Chase De Leo.
12:26 of 2nd period - Shot Misses the Net.
12:32 of 2nd period - Snap shot by Ryan Murphy.
12:32 of 2nd period - Deflect By Juuso Valimaki.
12:32 of 2nd period - Stopped by Filip Gustavsson without a rebound.
12:33 of 2nd period - Drake Caggiula wins face-off versus Dylan Strome in Moose zone.
12:58 of 2nd period - Jonathan Racine is hit by Ludwig Bystrom and loses puck.
13:21 of 2nd period - Josh Mahura is hit by Joseph Blandisi and loses puck.
13:39 of 2nd period - Icing by Mathieu Joseph.
13:40 of 2nd period - Dylan Strome wins face-off versus Sam Steel in Moose zone.
14:20 of 2nd period - Kyle Connor is hit by Joseph Blandisi and loses puck.
14:41 of 2nd period - Slapshot by Michael McLeod.
14:41 of 2nd period - Shot Blocked by Drake Caggiula.
14:43 of 2nd period - Slapshot by Ludwig Bystrom.
14:43 of 2nd period - Deflect By Nick Cousins.
14:43 of 2nd period - Stopped by Daniel Altshuller with a rebound.
14:45 of 2nd period - Slapshot by Ludwig Bystrom.
14:45 of 2nd period - Stopped by Daniel Altshuller with a rebound.
15:01 of 2nd period - Wrist shot by Michael Carcone.
15:01 of 2nd period - Stopped by Filip Gustavsson without a rebound.
15:02 of 2nd period - Michael McLeod wins face-off versus Sam Steel in Moose zone.
15:13 of 2nd period - Wrist shot by Matteson Iacopelli.
15:13 of 2nd period - Stopped by Filip Gustavsson without a rebound.
15:14 of 2nd period - Nikolay Goldobin wins face-off versus Drake Caggiula in Moose zone.
15:14 of 2nd period - Nikolay Goldobin is hit by Nick Cousins.
15:30 of 2nd period - Wrist shot by Michael McLeod.
15:30 of 2nd period - Stopped by Daniel Altshuller without a rebound.
15:31 of 2nd period - Jared McCann wins face-off versus Dylan Strome in Eagles zone.
15:31 of 2nd period - Jared McCann is hit by Mathieu Joseph.
15:44 of 2nd period - Minor Penalty to Matthew Benning for Holding.
15:45 of 2nd period - Drake Caggiula wins face-off versus Dylan Strome in Moose zone.
15:54 of 2nd period - Wrist shot by Joseph Blandisi.
15:54 of 2nd period - Shot Blocked by Dylan Strome.
15:56 of 2nd period - Slapshot by Jack Dougherty.
15:56 of 2nd period - Stopped by Filip Gustavsson without a rebound.
15:57 of 2nd period - Dylan Strome wins face-off versus Zach Aston-Reese in Moose zone.
16:12 of 2nd period - Slapshot by Nick Cousins.
16:12 of 2nd period - Stopped by Filip Gustavsson without a rebound.
16:13 of 2nd period - Dylan Strome wins face-off versus Joseph Blandisi in Moose zone.
16:28 of 2nd period - Slapshot by Connor Carrick.
16:28 of 2nd period - Stopped by Filip Gustavsson with a rebound.
17:44 of 2nd period - Penalty to Matthew Benning is over, Matthew Benning is back on ice.
18:14 of 2nd period - Ryan Murphy is hit by Chase De Leo and loses puck.
18:52 of 2nd period - Josh Mahura is hit by Nick Cousins and loses puck.
19:23 of 2nd period - Wrist shot by Anders Bjork.
19:23 of 2nd period - Deflect By Chase De Leo.
19:23 of 2nd period - Shot Blocked by Zach Aston-Reese.
19:23 of 2nd period - Puck is out of play.
19:24 of 2nd period - Chase De Leo wins face-off versus Zach Aston-Reese in Eagles zone.
19:27 of 2nd period - Snap shot by Vinni Lettieri.
19:27 of 2nd period - Shot Misses the Net.
19:33 of 2nd period - Wrist shot by Anders Bjork.
19:33 of 2nd period - Deflect By Chase De Leo.
19:33 of 2nd period - Stopped by Daniel Altshuller without a rebound.
19:34 of 2nd period - Dylan Strome wins face-off versus Nick Cousins in Eagles zone.
19:41 of 2nd period - Wrist shot by Anthony Duclair.
19:41 of 2nd period - Shot Misses the Net.
Goals for this period are 1 for Eagles vs 1 for Moose.
Shots for this period are 10 for Eagles vs 8 for Moose.
3rd period
0:01 of 3rd period - Drake Caggiula wins face-off versus Dylan Strome in neutral zone.
0:03 of 3rd period - Off-side.
0:04 of 3rd period - Drake Caggiula wins face-off versus Dylan Strome in neutral zone.
0:11 of 3rd period - Slapshot by Drake Caggiula.
0:11 of 3rd period - Stopped by Filip Gustavsson with a rebound.
0:33 of 3rd period - Wrist shot by Jared McCann.
0:33 of 3rd period - Stopped by Filip Gustavsson with a rebound.
0:35 of 3rd period - Snap shot by Joseph Blandisi.
0:35 of 3rd period - Stopped by Filip Gustavsson with a rebound.
0:37 of 3rd period - Slapshot by Keaton Middleton.
0:37 of 3rd period - Deflect By Joseph Blandisi.
0:37 of 3rd period - Goal by Joseph Blandisi - Eagles : 2 - Moose : 2.
0:38 of 3rd period - Drake Caggiula wins face-off versus Dylan Strome in neutral zone.
0:50 of 3rd period - Snap shot by Dylan Strome.
0:50 of 3rd period - Shot Blocked by Ryan Murphy.
1:06 of 3rd period - Snap shot by Gabriel Vilardi.
1:06 of 3rd period - Shot Blocked by Ludwig Bystrom.
1:29 of 3rd period - Minor Penalty to Michael Carcone for Tripping.
1:30 of 3rd period - Jared McCann wins face-off versus Dylan Strome in Eagles zone.
1:42 of 3rd period - Slapshot by Dylan Strome.
1:42 of 3rd period - Stopped by Daniel Altshuller with a rebound.
1:46 of 3rd period - Snap shot by Dylan Strome.
1:46 of 3rd period - Shot Blocked by Ryan Murphy.
2:06 of 3rd period - Slapshot by Michael McLeod.
2:06 of 3rd period - Stopped by Daniel Altshuller without a rebound.
2:07 of 3rd period - Dylan Strome wins face-off versus Jared McCann in Eagles zone.
3:29 of 3rd period - Penalty to Michael Carcone is over, Michael Carcone is back on ice.
3:43 of 3rd period - Snap shot by Julien Gauthier.
3:43 of 3rd period - Shot Blocked by Matteson Iacopelli.
3:45 of 3rd period - Wrist shot by Jake Leschyshyn.
3:45 of 3rd period - Shot Misses the Net.
3:47 of 3rd period - Slapshot by Matthew Benning.
3:47 of 3rd period - Shot Blocked by Matteson Iacopelli.
3:49 of 3rd period - Wrist shot by Boris Katchouk.
3:49 of 3rd period - Stopped by Daniel Altshuller with a rebound.
3:51 of 3rd period - Snap shot by Jake Leschyshyn.
3:51 of 3rd period - Stopped by Daniel Altshuller with a rebound.
3:53 of 3rd period - Snap shot by Julien Gauthier.
3:53 of 3rd period - Stopped by Daniel Altshuller with a rebound.
4:21 of 3rd period - Joseph Blandisi is hit by Tomas Jurco and loses puck.
4:31 of 3rd period - Icing by Nikolay Goldobin.
4:32 of 3rd period - Zach Aston-Reese wins face-off versus Jake Leschyshyn in Moose zone.
4:57 of 3rd period - Ludwig Bystrom is hit by Nick Cousins and loses puck.
5:38 of 3rd period - Wrist shot by Anders Bjork.
5:38 of 3rd period - Shot Blocked by Michael Carcone.
5:40 of 3rd period - Slapshot by Ludwig Bystrom.
5:40 of 3rd period - Shot Blocked by Jonathan Racine.
5:44 of 3rd period - Slapshot by Anders Bjork.
5:44 of 3rd period - Shot Blocked by Sam Steel.
5:46 of 3rd period - Wrist shot by Anders Bjork.
5:46 of 3rd period - Shot Blocked by Jonathan Racine.
6:01 of 3rd period - Icing by Mattias Samuelsson.
6:02 of 3rd period - Drake Caggiula wins face-off versus Dylan Strome in Eagles zone.
6:37 of 3rd period - Wrist shot by Joseph Blandisi.
6:37 of 3rd period - Stopped by Filip Gustavsson with a rebound.
6:39 of 3rd period - Wrist shot by Joseph Blandisi.
6:39 of 3rd period - Stopped by Filip Gustavsson without a rebound.
6:40 of 3rd period - Michael Carcone wins face-off versus Dylan Strome in Moose zone.
6:49 of 3rd period - Wrist shot by Sam Steel.
6:49 of 3rd period - Stopped by Filip Gustavsson with a rebound.
7:12 of 3rd period - Wrist shot by Mathieu Joseph.
7:12 of 3rd period - Shot Misses the Net.
7:19 of 3rd period - Icing by Connor Carrick.
7:20 of 3rd period - Michael McLeod wins face-off versus Jared McCann in Eagles zone.
7:24 of 3rd period - Snap shot by Nikolay Goldobin.
7:24 of 3rd period - Shot Misses the Net.
7:36 of 3rd period - Snap shot by Gabriel Vilardi.
7:36 of 3rd period - Goal by Gabriel Vilardi - Eagles : 3 - Moose : 2.
7:37 of 3rd period - Drake Caggiula wins face-off versus Dylan Strome in neutral zone.
7:50 of 3rd period - Snap shot by Kyle Connor.
7:50 of 3rd period - Shot Misses the Net.
7:52 of 3rd period - Slapshot by Kyle Connor.
7:52 of 3rd period - Stopped by Daniel Altshuller with a rebound.
8:07 of 3rd period - Slapshot by Ludwig Bystrom.
8:07 of 3rd period - Shot Blocked by Jared McCann.
8:27 of 3rd period - Michael Carcone is hit by Chase De Leo and loses puck.
8:44 of 3rd period - Slapshot by Dylan Strome.
8:44 of 3rd period - Shot Misses the Net.
8:46 of 3rd period - Slapshot by Matthew Benning.
8:46 of 3rd period - Shot Misses the Net.
8:48 of 3rd period - Snap shot by Mathieu Joseph.
8:48 of 3rd period - Stopped by Daniel Altshuller without a rebound.
8:49 of 3rd period - Drake Caggiula wins face-off versus Michael McLeod in Eagles zone.
8:49 of 3rd period - Drake Caggiula is hit by Tomas Jurco.
8:54 of 3rd period - Off-side.
8:55 of 3rd period - Michael McLeod wins face-off versus Drake Caggiula in neutral zone.
9:04 of 3rd period - Wrist shot by Michael McLeod.
9:04 of 3rd period - Stopped by Daniel Altshuller without a rebound.
9:05 of 3rd period - Drake Caggiula wins face-off versus Dylan Strome in Eagles zone.
9:35 of 3rd period - Icing by Juuso Valimaki.
9:36 of 3rd period - Michael McLeod wins face-off versus Sam Steel in Moose zone.
9:36 of 3rd period - Michael McLeod is hit by Sam Steel.
9:57 of 3rd period - Connor Carrick is hit by Juuso Valimaki and loses puck.
10:00 of 3rd period - Minor Penalty to Juuso Valimaki for Slashing.
10:01 of 3rd period - Drake Caggiula wins face-off versus Dylan Strome in Moose zone.
12:00 of 3rd period - Penalty to Juuso Valimaki is over, Juuso Valimaki is back on ice.
12:10 of 3rd period - Snap shot by Michael McLeod.
12:10 of 3rd period - Stopped by Daniel Altshuller without a rebound.
12:11 of 3rd period - Chase De Leo wins face-off versus Sam Steel in Eagles zone.
12:12 of 3rd period - Slapshot by Anders Bjork.
12:12 of 3rd period - Deflect By Chase De Leo.
12:12 of 3rd period - Shot Blocked by Jonathan Racine.
12:12 of 3rd period - Puck is out of play.
12:13 of 3rd period - Sam Steel wins face-off versus Chase De Leo in Eagles zone.
12:40 of 3rd period - Wrist shot by Nick Cousins.
12:40 of 3rd period - Stopped by Filip Gustavsson with a rebound.
12:42 of 3rd period - Slapshot by Jonathan Racine.
12:42 of 3rd period - Stopped by Filip Gustavsson without a rebound.
12:43 of 3rd period - Dylan Strome wins face-off versus Drake Caggiula in Moose zone.
12:43 of 3rd period - Dylan Strome is hit by Nick Cousins.
12:55 of 3rd period - Snap shot by Dylan Strome.
12:55 of 3rd period - Shot Misses the Net.
12:57 of 3rd period - Wrist shot by Dylan Strome.
12:57 of 3rd period - Stopped by Daniel Altshuller with a rebound.
13:09 of 3rd period - Ludwig Bystrom is hit by Gabriel Vilardi and loses puck.
13:30 of 3rd period - Wrist shot by Tyler Motte.
13:30 of 3rd period - Stopped by Filip Gustavsson without a rebound.
13:31 of 3rd period - Zach Aston-Reese wins face-off versus Dylan Strome in Moose zone.
13:47 of 3rd period - Slapshot by Mathieu Joseph.
13:47 of 3rd period - Stopped by Daniel Altshuller with a rebound.
13:59 of 3rd period - Wrist shot by Keaton Middleton.
13:59 of 3rd period - Deflect By Anthony Duclair.
13:59 of 3rd period - Shot Misses the Net.
13:59 of 3rd period - Puck is out of play.
14:00 of 3rd period - Drake Caggiula wins face-off versus Chase De Leo in Moose zone.
14:44 of 3rd period - Anthony Duclair is hit by Nelson Nogier and loses puck.
15:19 of 3rd period - Wrist shot by Anthony Duclair.
15:19 of 3rd period - Stopped by Filip Gustavsson with a rebound.
15:21 of 3rd period - Wrist shot by Anthony Duclair.
15:21 of 3rd period - Shot Misses the Net.
15:23 of 3rd period - Wrist shot by Nick Cousins.
15:23 of 3rd period - Shot Misses the Net.
15:25 of 3rd period - Slapshot by Jack Dougherty.
15:25 of 3rd period - Stopped by Filip Gustavsson without a rebound.
15:26 of 3rd period - Sam Steel wins face-off versus Dylan Strome in Moose zone.
15:39 of 3rd period - Wrist shot by Matteson Iacopelli.
15:39 of 3rd period - Stopped by Filip Gustavsson without a rebound.
15:40 of 3rd period - Dylan Strome wins face-off versus Jared McCann in Moose zone.
15:42 of 3rd period - Minor Penalty to Mathieu Joseph for Holding.
15:43 of 3rd period - Dylan Strome wins face-off versus Drake Caggiula in Moose zone.
17:03 of 3rd period - Kyle Connor is hit by Matteson Iacopelli and loses puck.
17:42 of 3rd period - Penalty to Mathieu Joseph is over, Mathieu Joseph is back on ice.
17:58 of 3rd period - Minor Penalty to Jonathan Racine for Hooking.
17:59 of 3rd period - Jared McCann wins face-off versus Dylan Strome in Eagles zone.
19:12 of 3rd period - Kyle Connor is hit by Keaton Middleton and loses puck.
19:58 of 3rd period - Penalty to Jonathan Racine is over, Jonathan Racine is back on ice.
Goals for this period are 2 for Eagles vs 0 for Moose.
Shots for this period are 14 for Eagles vs 11 for Moose.